 Dungeon Crawl Stone Soup version 0.28.0-43-g3370ac3207 (console) character file.

Game seed: 2665131428753138915

167 Zeor the Sneak (level 5, -4/24 HPs)
             Began as a Vine Stalker Enchanter on Mar 21, 2022.
             Killed from afar by an orc wizard (9 damage)
             ... with a magic dart
             ... on level 3 of the Dungeon.
             The game lasted 00:10:00 (3368 turns).

Zeor the Sneak (Vine Stalker Enchanter)             Turns: 3368, Time: 00:10:00

Health: -4/24      AC:  3    Str: 10    XL:     5   Next: 48%
Magic:  0/12       EV: 12    Int: 17    God:
Gold:   132        SH:  0    Dex: 15    Spells: 3/11 levels left

rFire   . . .      SeeInvis .   j - +1 dagger
rCold   . . .      Faith    .   (no shield)
rNeg    . . .      Spirit   +   b - +1 robe
rPois   .          Reflect  .   (helmet restricted)
rElec   .          Harm     .   (no cloak)
rCorr   .          Rampage  .   (no gloves)
Will    .....                   (no boots)
Stlth   +++.......              (no amulet)
HPRegen 0.88/turn               (no ring)
MPRegen 0.13/turn               (no ring)

@: no status effects
A: fangs 2, regeneration 1, magic shield, antimagic bite, no potion heal 2,
hooves 1, horns 1, high MP 1
a: no special abilities


You were on level 3 of the Dungeon.
You visited 1 branch of the dungeon, and saw 3 of its levels.

You collected 132 gold pieces.

Inventory:

Hand Weapons
 a - a +4 dagger
 i - a +2 vampiric whip
 j - a +1 dagger (weapon)
Missiles
 g - 5 poisoned darts (quivered)
 h - 2 throwing nets
 k - 39 arrows
Armour
 b - a +1 robe (worn)
Scrolls
 f - a scroll of enchant armour
Potions
 c - a potion of invisibility
 d - a potion of resistance
 e - a potion of mutation


   Skills:
 + Level 0.2 Fighting
 + Level 1.1 Short Blades
 + Level 1.7 Dodging
 + Level 5.0 Stealth
 * Level 3.7 Spellcasting
 + Level 3.7 Hexes
 + Level 1.3 Ice Magic


You had 3 spell levels left.
You knew the following spells:

 Your Spells              Type           Power      Damage    Failure   Level
a - Ensorcelled Hibernat  Hex/Ice        22%        N/A       9%          2
b - Tukima's Dance        Hex            15%        N/A       11%         3
c - Dazzling Flash        Conj/Hex       18%        N/A       22%         3

Your spell library contained the following spells:

 Spells                   Type           Power      Damage    Failure   Level
 Confusing Touch          Hex            15%        N/A       11%         3
 Apportation              Tloc           6%         N/A       16%         1
 Alistair's Intoxication  Tmut/Pois      2%         N/A       99%         5


Dungeon Overview and Level Annotations

Branches:
Dungeon (3/15)

Altars:

Annotations:
D:3 2 transporters, ZappyNine's ghost, amateur DECj


Innate Abilities, Weirdness & Mutations

You have extremely sharp teeth.
Your natural rate of healing is unusually fast.
When hurt, damage is shared between your health and your magic reserves.
Your bite disrupts and absorbs the magic of your enemies.
Potions cannot restore your health.
You have large cloven feet.
You have a pair of small horns on your head.
You have an increased reservoir of magic. (+10% MP)


Message History

It was a potion of mutation.
You feel extremely strange.
You feel more energetic. A pair of horns grows on your head!
Your feet thicken and deform.
An orc wizard appears from thin air!
Reactivating autopickup.
The orc hits you with a +0 mace.
* * * LOW HITPOINT WARNING * * *
The orc wizard hits you with a +0 dagger.
* * * LOW HITPOINT WARNING * * *
An orc wizard comes into view. It is wielding a +1 dagger of venom.
You hit the orc wizard.
You kill the orc wizard!
The orc closely misses you.
Your Stealth skill increases to level 5!
You hit the orc but do no damage. Your headbutt misses the orc.
You bite the orc. You drain its power.
You feel invigorated.
The orc is lightly wounded.
The orc hits you with a +0 flail!
* * * LOW HITPOINT WARNING * * *
The orc hits you but does no damage.
You hit the orc but do no damage. Your bite misses the orc.
The orc is lightly wounded.
The orc barely misses you. The orc closely misses you.
You hit the orc but do no damage. You headbutt the orc.
The orc is heavily wounded.
The orc hits you with a +0 flail.
* * * LOW HITPOINT WARNING * * *
The orc barely misses you.
Your magical contamination has completely faded away.
You hit the orc but do no damage. You bite the orc.
You kill the orc!
The orc hits you with a +0 mace.
Items here: ))) [[ †††.
You completely miss the orc. You kick the orc.
The orc is almost dead.
You hit the orc wizard but do no damage.
You kick the orc wizard, but do no damage.
The orc wizard points at you and mumbles some strange words.
The magic dart hits you!
You die...

▒ ▒▒▒▒∙▒
▒∙∙∙∙▒ ▒f▒
▒o▒▒▒▒∙▒
▒▒▒▒▒▒o∙∙∙∙∙▒
∙∙∙∙∙∙∙∙▒▒▒▒▒
∙▒▒▒▒∙∙∙▒
∙▒▒∙▒∙∙∙▒
∙∙∙∙∙∙∙∙▒▒▒▒
▒
∙∙∙∙∙∙∙∙∙∙∙▒
∙
Ω∙∙∙∙∙∙∙∙▒▒▒


You could see an orc wizard and an orc.

Vanquished Creatures
  An orc wizard (D:3)
  4 gnolls (D:2)
  2 adders
  2 worms
  2 dart slugs
  3 orcs
  4 ball pythons
  6 endoplasms
  A giant cockroach (D:3)
  8 goblins
  10 hobgoblins
  3 quokkas
  5 bats
  4 frilled lizards
  8 kobolds
  7 rats
70 creatures vanquished.

Vanquished Creatures (others)
  A dancing weapon (D:2)
  A goblin (D:3)
2 creatures vanquished.

Grand Total: 72 creatures vanquished

Notes
Turn   | Place    | Note
-------+----------+-------------------------------------------
     0 | D:1      | Zeor the Vine Stalker Enchanter began the quest for the
                  | Orb.
     0 | D:1      | Reached XP level 1. HP: 9/9 MP: 4/4
    94 | D:1      | Reached skill level 4 in Stealth
   259 | D:1      | Reached XP level 2. HP: 13/13 MP: 6/6
   262 | D:1      | Learned a level 2 spell: Ensorcelled Hibernation
  1133 | D:2      | Reached skill level 1 in Short Blades
  1196 | D:2      | Reached XP level 3. HP: 16/16 MP: 7/7
  1200 | D:2      | Learned a level 3 spell: Tukima's Dance
  2099 | D:2      | Gained mutation: Your natural rate of healing is unusually
                  | fast. [Vine Stalker growth]
  2099 | D:2      | Reached XP level 4. HP: 4/21 MP: 1/9
  2199 | D:2      | Reached skill level 1 in Ice Magic
  2790 | D:3      | Learned a level 3 spell: Dazzling Flash
  2970 | D:3      | Reached XP level 5. HP: 24/24 MP: 8/11
  3289 | D:3      | Found a transporter.
  3312 | D:3      | Noticed ZappyNine's ghost (amateur DECj)
  3323 | D:3      | Found a transporter.
  3360 | D:3      | Gained mutation: You have an increased reservoir of magic.
                  | (+10% MP) [potion of mutation]
  3360 | D:3      | Gained mutation: You have a pair of small horns on your
                  | head. [potion of mutation]
  3360 | D:3      | Gained mutation: You have large cloven feet. [potion of
                  | mutation]
  3362 | D:3      | Reached skill level 5 in Stealth
  3364 | D:3      | HP: 1/24 [orc/+0 flail (2)]
  3368 | D:3      | Killed from afar by an orc wizard

Illustrated notes

Levels and vault maps discovered:
D:1:      dpeg_arrival_fog, layout_basic, st_stairs_12
D:2:      layout_loops_cross, serial_glass, glass_columns_a, glass_columns_a,
          grunt_ministairs_3
D:3:      cheibrodos_greedy_goblins, layout_basic, gammafunk_ghost_arena,
          nicolae_ecumenical_oubliette

Skill      XL: |  1  2  3  4  5 |
---------------+----------------+-----
Stealth        | 4 5 |  5.0
Short Blades   | 1 |  1.1
Spellcasting   | 3 |  3.7
Ice Magic      | 1 |  1.3
Fighting       | |  0.2
Dodging        | |  1.7
Hexes          | |  3.7

Action                   |  1- 3 |  4- 6 || total
-------------------------+-------+-------++-------
Melee: Dagger            |    65 |    78 ||   143
       Bite              |    10 |    16 ||    26
       Kick              |       |     2 ||     2
       Headbutt          |       |     1 ||     1
       Punch             |       |     1 ||     1
 Cast: Ensorcelled Hiber |    27 |    30 ||    57
       Tukima's Dance    |     1 |     1 ||     2
       Dazzling Flash    |       |     2 ||     2
  Use: Scroll            |     5 |       ||     5
       Potion            |       |     2 ||     2
 Stab: Sleeping          |    23 |    20 ||    43
       Invisible         |       |     1 ||     1
Armor: Robe              |    15 |     9 ||    24
Dodge: Dodged            |    39 |    31 ||    70
